Map: Terrasses de Prion

Players

SaranYA

  • Race: Terran Terran
  • League: Silver
  • Spawn Location: 11:00

zidar - Winner!

  • Race: Zerg Zerg
  • League: Silver
  • Spawn Location: 5:00

VOD

Have the link to the VOD?

Description

Time

  • Played on: March 6, 2016, 9:54 a.m.
  • Length: 18:55
Show
View Real Time Build Order
Export as new Build Order

SaranYA Terran 

Build Orders:  

Get SALT Encoding   

  12  0:00  SCV  
  13  0:12  SCV  
  14  0:18  Supply Depot  
  14  0:25  SCV  
  15  0:40  Barracks  
  15  0:47  Barracks  
  15  0:50  SCV  
  16  0:57  Refinery  
  16  1:02  SCV  
  17  1:10  Refinery  
  17  1:17  Supply Depot  
  17  1:39  Marine x2  
  19  1:50  Factory  
  19  1:51  SCV  
  20  1:57  Marine x2  
  22  2:06  SCV  
  23  2:19  Barracks Reactor  
  23  2:20  Barracks Reactor  
  23  2:35  Factory Tech Lab, Starport  
  23  2:55  Siege Tank  
  23  2:57  Marine x3  
  29  2:59  SCV  
  30  3:07  Supply Depot  
  30  3:27  Fusion Core  
  30  3:34  Starport Tech Lab  
  30  3:38  Marine x2  
  32  3:41  Supply Depot  
  32  3:50  Marine x2  
  34  4:04  SCV  
  34  4:05  Supply Depot  
  35  4:10  Liberator  
  35  4:15  Advanced Ballistics  
  38  4:37  Marine x2  
  40  4:46  Marine x2  
  42  4:57  Siege Tank  
  45  5:06  Liberator, Orbital Command  
  45  5:14  Marine x2  
  50  6:04  Marine x2  
  50  6:05  Marine  
  53  6:27  Command Center  
  53  6:31  Supply Depot x2  
  53  6:32  SCV  
  54  6:43  Liberator  
  54  6:44  SCV  
  55  6:54  Marine x3  
  55  7:00  Barracks  
  61  7:34  Marine x2  
  61  7:35  Marine  
  64  7:38  Supply Depot  
  61  7:59  Liberator  
  58  8:14  Supply Depot  
  35  8:37  Marine x3  
  35  8:38  Marine  
  39  8:42  Liberator  
  39  8:49  Barracks Reactor  
  39  8:52  Siege Tank  
  39  8:53  Barracks  
  39  8:55  Marine x3, Supply Depot  
  48  9:17  Marine x3  
  48  9:18  Marine  
  52  9:28  Siege Tank  
  55  9:35  Marine x4  
  55  9:37  Marine x2  
  61  9:52  Marine  
  61  9:53  Marine  
  63  10:00  Marine x2  
  65  10:27  Marine x5  
  65  10:28  Marine  
  71  11:16  SCV  
  72  11:20  Supply Depot  
  72  11:22  Barracks Tech Lab  
  72  11:23  Supply Depot  
  72  11:26  Command Center  
  72  11:28  SCV  
  73  11:39  Marine x3  
  76  11:56  Marine  
  76  11:57  Marine x4  
  76  11:58  Marine  
  82  12:02  Supply Depot  
  82  12:03  Supply Depot  
  82  12:05  Stimpack  
  82  12:27  Medivac  
  82  12:29  Supply Depot  
  84  12:45  Marine x2  
  84  12:46  Marine  
  87  13:18  Marine x5  
  87  13:19  Marine  
  93  13:20  SCV  
  94  13:32  SCV  
  95  13:43  Marine x2  
  97  14:00  Marine x3  
  80  15:00  Marine  
  80  15:01  Marine x4  
  46  15:23  Marine  
  46  15:24  Marine x3  
  50  15:36  SCV  
  51  15:46  Marine  
  51  15:48  SCV  
  50  16:21  Starport  
  50  16:23  Supply Depot  
  50  16:27  Orbital Command  
  50  16:34  Banshee  
  53  16:41  Marine x4  
  53  16:42  Marine x2  
  59  16:49  SCV  
  60  16:59  Starport Reactor  
  60  17:01  SCV, Starport Tech Lab  
  61  17:06  Marine x3  
  64  17:11  Marine  
  64  17:12  Marine x3  
  64  17:13  SCV  
  69  17:17  Banshee  
  69  17:21  SCV  
  73  17:23  Marine  
  73  17:25  SCV  
  73  17:26  SCV  
  76  17:33  Marine x2, SCV  
  76  17:34  Marine x3  
  82  17:37  SCV  
  82  17:38  SCV  
  82  17:43  Marine x2  
  86  17:47  Banshee  
  86  17:49  SCV  
  90  17:51  Marine  
  90  17:54  Starport  
  91  18:00  Banshee  
  91  18:01  SCV  
  95  18:11  Marine x5  
  100  18:17  Marine x2  
  100  18:19  Siege Tank  
  105  18:26  Factory  
  90  18:29  Marine  
Show
View Real Time Build Order
Export as new Build Order

zidar Zerg - Winner!

Build Orders: Pool First 

Get SALT Encoding   

  12  0:02  Drone  
  13  0:12  Overlord  
  13  0:17  Drone  
  14  0:30  Drone x2  
  14  0:34  Drone  
  17  0:48  Spawning Pool  
  16  0:50  Drone  
  16  0:54  Extractor  
  16  0:56  Drone  
  17  1:07  Drone  
  18  1:21  Drone  
  19  1:29  Overlord  
  19  1:35  Queen  
  19  1:39  Drone  
  21  2:02  Hatchery  
  21  2:06  Zergling x4  
  22  2:10  Queen  
  22  2:11  Metabolic Boost  
  24  2:25  Extractor  
  23  2:32  Spore Crawler  
  22  2:44  Overlord x2  
  22  3:22  Drone x4  
  22  3:25  Zergling x2  
  27  3:33  Baneling Nest  
  26  3:53  Queen  
  28  3:57  Lair  
  28  4:00  Drone x5  
  33  4:05  Overlord  
  33  4:08  Zergling x2  
  34  4:10  Zergling x2  
  34  4:14  Zergling x2  
  36  4:27  Drone  
  37  4:32  Spore Crawler  
  36  4:56  Zergling x2  
  36  4:57  Zergling x18  
  36  4:59  Centrifical Hooks  
  46  5:03  Baneling x3  
  46  5:04  Baneling x2  
  46  5:19  Baneling  
  46  5:20  Baneling x8  
  46  5:28  Spire  
  45  5:32  Queen  
  47  5:38  Overlord  
  47  6:03  Overseer  
  47  6:04  Extractor  
  46  6:08  Extractor  
  34  7:06  Zergling x20  
  34  7:07  Zergling x26  
  57  7:10  Baneling  
  57  7:11  Baneling  
  57  7:16  Baneling  
  52  7:45  Drone x3  
  55  7:54  Drone  
  19  8:48  Zergling x2  
  19  8:49  Zergling x12  
  26  8:58  Drone x2  
  28  9:07  Zergling x2  
  29  9:12  Zergling x2  
  29  9:16  Zergling x2  
  31  9:29  Drone x2  
  31  9:30  Drone  
  34  10:05  Drone x8  
  42  10:25  Spore Crawler  
  41  10:36  Hatchery  
  41  10:39  Drone x3  
  41  10:40  Drone  
  44  10:55  Baneling  
  42  11:28  Zergling x2  
  42  11:29  Zergling x18  
  52  11:33  Overlord  
  52  11:34  Overlord x3  
  52  12:02  Drone  
  52  12:03  Drone x10  
  63  13:17  Overlord x2  
  63  13:18  Overlord x3  
  63  13:44  Zergling x32  
  63  13:45  Zergling x14  
  63  13:47  Baneling x11  
  63  13:48  Baneling x6  
  86  14:19  Baneling  
  86  14:20  Baneling x4  
  86  14:25  Baneling x3  
  86  14:26  Baneling x2  
  28  15:29  Zergling x2  
  28  15:30  Zergling x28  
  39  15:40  Hatchery  
  36  16:06  Mutalisk  
  36  16:07  Mutalisk x5  
  48  16:13  Queen  
  50  16:19  Drone  
  51  16:31  Baneling  
  51  16:34  Baneling x4  
  51  16:35  Baneling x3  
  51  16:38  Zergling x4  
  51  16:39  Zergling x4  
  55  16:43  Zergling x2  
  55  16:44  Zergling x6  
  59  16:47  Zergling x2  
  60  17:03  Zergling x2  
  60  17:04  Zergling x10  
  60  17:06  Baneling  
  60  17:07  Baneling x10  
  66  17:14  Mutalisk  
  68  17:19  Mutalisk  
  68  17:20  Mutalisk x4  
  78  17:40  Zergling x2  
  78  17:41  Zergling x14  
Tags
 
Add a new tag
Caveats
  • Supply blocks, unpowered buildings, or Contaminate may cause inaccurate times.
  • Supply counts are checked every 10 seconds.